 Dungeon Crawl Stone Soup version 0.30-a0-263-ge22c4ad894 (webtiles) character file.

Game seed: 3096489443717072010

2666 Belterius the Protected (level 9, -3/82 HPs)
             Began as a Minotaur Fighter on Oct 8, 2022.
             Was an Initiate of Okawaru.
             Shot with a sling bullet by Joseph (21 damage)
             ... on level 7 of the Dungeon on Oct 13, 2022.
             The game lasted 00:14:42 (8154 turns).

Belterius the Protected (Minotaur Fighter)          Turns: 8154, Time: 00:14:43

Health: -3/82      AC:  8    Str: 25    XL:     9   Next: 37%
Magic:  9/9        EV:  9    Int:  5    God:    Okawaru [......]
Gold:   433        SH:  5    Dex: 10    Spells: 8/8 levels left

rFire   . . .      SeeInvis .    a - +0 war axe
rCold   + + .      Faith    .    c - +0 buckler
rNeg    . . .      Spirit   .    b - +0 scale mail
rPois   .          Reflect  .    (helmet restricted)
rElec   .          Harm     .    (no cloak)
rCorr   .          Rampage  .    (no gloves)
Will    .....                    (no boots)
Stlth   ..........               (no amulet)
HPRegen 0.33/turn                j - ring of protection from cold
MPRegen 0.11/turn                C - ring of protection from cold

@: no status effects
A: horns 2, retaliatory headbutt
a: Renounce Religion


You were on level 7 of the Dungeon.
You worshipped Okawaru.
Okawaru was noncommittal.
You visited 2 branches of the dungeon, and saw 8 of its levels.
You also visited: Sewer.

You collected 433 gold pieces.

Inventory:

Hand Weapons
 a - a +0 war axe (weapon)
Armour
 b - a +0 scale mail (worn)
 c - a +0 buckler (worn)
Jewellery
 j - a ring of protection from cold (left hand)
 s - a ring of ice
 C - a ring of protection from cold (right hand)
Wands
 l - a wand of flame (12)
 u - a wand of charming (10)
Scrolls
 f - 3 scrolls of butterflies {unknown}
 g - a scroll of immolation {unknown}
 h - a scroll of blinking {unknown}
 i - 3 scrolls of teleportation {unknown}
 m - 3 scrolls of poison {unknown}
 t - a scroll of enchant armour {unknown}
 v - a scroll of torment {unknown}
 x - 3 scrolls of enchant weapon {unknown}
 y - 2 scrolls of noise {unknown}
 z - a scroll of silence {unknown}
 A - 2 scrolls of fear {unknown}
 D - a scroll of magic mapping {unknown}
 E - a scroll of vulnerability {unknown}
Potions
 d - 2 potions of might
 e - a potion of ambrosia
 k - a potion of lignification
 n - 4 potions of invisibility
 o - 2 potions of attraction
 p - 2 potions of magic
 q - a potion of flight {unknown}
 r - 2 potions of berserk rage
 w - a potion of degeneration {unknown}
 B - 3 potions of mutation {unknown}


   Skills:
 + Level 8.4 Fighting
 + Level 8.0 Axes
 + Level 8.4 Armour
 + Level 8.4 Shields
 + Level 1.6 Invocations


You had 8 spell levels left.
You didn't know any spells.
Your spell library contained the following spells:

 Spells                   Type           Power      Damage    Failure   Level
 Magic Dart               Conj           0%         1d3       80%         1
 Searing Ray              Conj           0%         2d4       91%         2
 Frozen Ramparts          Ice            0%         1d1       99%         3
 Fulminant Prism          Conj/Hex       0%         3d6       100%        4
 Ice Form                 Ice/Tmut       0%         N/A       100%        4
 Summon Ice Beast         Ice/Summ       Unusable   N/A       N/A         4
 Simulacrum               Ice/Necr       Unusable   N/A       N/A         6

Dungeon Overview and Level Annotations

Branches:
Dungeon (7/15)             Temple (1/1) D:6           Sewer (visited)

Altars:
Ashenzari
Cheibriados
Dithmenos
Elyvilon
Fedhas
Gozag
Hepliaklqana
Kikubaaqudgha
Nemelex Xobeh
Okawaru
Qazlal
Ru
Sif Muna
Trog
Wu Jian
Yredelemnul
Zin
The Shining One

Annotations:
D:7 Joseph


Innate Abilities, Weirdness & Mutations

You have a pair of horns on your head.
You reflexively headbutt those who attack you in melee.


Message History

The sky beast is heavily wounded.
The sky beast closely misses you. You furiously retaliate!
You headbutt the sky beast.
Unknown command.
A sky beast is nearby!
You slash the sky beast!
You kill the sky beast!
Okawaru accepts your kill.
Unknown command.
A hound comes into view.
The hound barks!
Found two stone staircases leading up.
Joseph, a Mercenary comes into view.
He is wielding a +2 spectral quarterstaff and wearing a +2 leather armour of cold resistance.
Unknown command.
There are monsters nearby!
Joseph shouts!
You hear an angry hiss.
You block the hound's attack.
Unknown command.
The hound attacks as you move away! You block the hound's attack.
The hound stops to sniff the ground.
The hound bites you but does no damage.
You slash the hound!
You kill the hound!
Okawaru accepts your kill.
Joseph smiles happily.
Joseph unwields a +2 spectral quarterstaff.
Joseph wields a +0 sling.
Joseph shoots a sling bullet.
The sling bullet hits you!
Your Axes skill increases to level 8!
Joseph shoots a sling bullet.
The sling bullet hits you.
Joseph shoots a sling bullet.
You block the sling bullet.
Joseph shoots a sling bullet.
The sling bullet hits you!!
Joseph shoots a sling bullet.
The sling bullet hits you!
Joseph shoots a sling bullet.
The sling bullet hits you.
Joseph shoots a sling bullet.
The sling bullet hits you!
* * * LOW HITPOINT WARNING * * *
You hear an angry hiss.
Joseph shoots a sling bullet.
The sling bullet misses you.
Joseph shoots a sling bullet.
The sling bullet hits you!!
You die...

......#..................
#..##...#..#######.......
#.....#..#..# #....... .......#
..##.##..#.# #.......
....<..###.....##...######.......
......)[.....#..###........##..##
..........>..............>....##
.......# #...##..##.........###
<......# #.....@.<..>.......##
.......######..#####..........#
.....@..†.@..#.# #..........#
.......#####.#.### #..........###
######## #.....###.............
####....#..........###
#######........## #..........#
#..........#


You could see Joseph.

Vanquished Creatures
  A water moccasin (Sewer)
  3 ice beasts
  2 sky beasts (D:7)
  2 centaurs
  5 ogres
  A phantom (D:5)
  2 gnoll sergeants
  A necrophage (D:6)
  3 scorpions
  3 howler monkeys (D:5)
  A gnoll bouda (D:5)
  A jelly (D:4)
  2 hounds
  4 iguanas
  4 orc wizards
  10 adders
  35 gnolls
  3 shadow imps
  A white imp (D:7)
  2 ufetubi
  2 worms
  7 dart slugs
  40 orcs
  8 endoplasms
  5 giant cockroaches
  4 hobgoblins
  17 jackals
  3 kobolds
  5 quokkas
  5 ball pythons
  6 bats (Sewer)
  A frilled lizard (D:1)
  6 goblins
  6 rats
201 creatures vanquished.

Vanquished Creatures (others)
  11 plants (D:5)
11 creatures vanquished.

Grand Total: 212 creatures vanquished

Notes
Turn   | Place    | Note
-------+----------+-------------------------------------------
     0 | D:1      | Belterius the Minotaur Fighter began the quest for the Orb.
     0 | D:1      | Reached XP level 1. HP: 19/19 MP: 0/0
   238 | D:1      | Reached XP level 2. HP: 16/27 MP: 1/1
   775 | D:2      | Reached XP level 3. HP: 26/33 MP: 2/2
  1560 | D:3      | Reached XP level 4. HP: 37/41 MP: 3/3
  1637 | D:3      | Found a glowing drain.
  1663 | Sewer    | Entered a sewer
  1688 | Sewer    | Noticed a water moccasin
  1694 | Sewer    | Killed a water moccasin
  1695 | Sewer    | Reached XP level 5. HP: 42/47 MP: 4/4
  1894 | D:3      | Found a faded altar of an unknown god.
  1913 | D:3      | Reached skill level 5 in Fighting
  1913 | D:3      | Reached skill level 5 in Shields
  1943 | D:3      | Reached skill level 5 in Armour
  1959 | D:3      | Reached XP level 6. HP: 44/56 MP: 5/5
  2971 | D:4      | Reached skill level 5 in Axes
  3143 | D:4      | Reached XP level 7. HP: 59/62 MP: 6/6
  3594 | D:5      | Entered Level 5 of the Dungeon
  3881 | D:5      | Reached XP level 8. HP: 47/71 MP: 7/7
  4376 | D:5      | Got Quonwevu's Tome of Hypothermia
  5634 | D:5      | Upgraded the game from 0.30-a0-222-ge547ba4400 to
                  | 0.30-a0-263-ge22c4ad894
  6279 | D:6      | Reached XP level 9. HP: 79/81 MP: 8/8
  6518 | D:6      | Found a staircase to the Ecumenical Temple.
  6527 | Temple   | Entered the Ecumenical Temple
  6801 | Temple   | Became a worshipper of Warmaster Okawaru
  7656 | D:7      | Reached skill level 1 in Invocations
  8135 | D:7      | Noticed Joseph
  8154 | D:7      | Shot with a sling bullet by Joseph

Illustrated notes

Levels and vault maps discovered:
D:1:      spicycebolla_arrival_clurvy, layout_basic
D:2:      layout_loops_ring, minmay_statues_item, minmay_unequal
D:3:      layout_loops_ring, serial_rivers, chequers_serial_rivers_micro_c,
          chequers_serial_rivers_micro_e, chequers_serial_rivers_micro_b,
          chequers_serial_rivers_room_a, gup_sewer_entry_pipe,
          ebering_ecumenical_altar_box
D:4:      layout_loops_ring
D:5:      lemuel_castle_with_subvaults [lemuel_castle_interior_carwin_1],
          layout_basic, chequers_big_river, grunt_decor_one_mirror
D:6:      layout_basic, minmay_temple_entry_purple_smoke
D:7:      layout_rooms, uniq_joseph, uniq_crazy_yiuf_cottage
Temple:   mainiacjoe_temple_big_plus

Skill      XL: |  1  2  3  4  5  6  7  8  9 |
---------------+----------------------------+-----
Fighting       | 4 5 6 7 8 |  8.4
Armour         | 4 5 6 7 8 |  8.4
Shields        | 4 5 6 7 8 |  8.4
Axes           | 3 4 5 6 7 8 |  8.0
Invocations    | 1 |  1.6

Action                   |  1- 3 |  4- 6 |  7- 9 || total
-------------------------+-------+-------+-------++-------
Melee: War axe           |    57 |   129 |   318 ||   504
       Headbutt          |     3 |    18 |    62 ||    83
Evoke: Wand              |       |     1 |       ||     1
  Use: Potion            |       |     1 |     1 ||     2
       Scroll            |       |       |     5 ||     5
Armor: Scale mail        |    26 |    69 |   141 ||   236
Dodge: Dodged            |    29 |    51 |   141 ||   221
Block: Buckler           |    10 |    42 |    74 ||   126

Table legend: (Time is in decaauts)
 A = Elapsed time spent in this place.
 B = Non-inter-level travel time spent in this place.
 C = Inter-level travel time spent in this place.
 D = Time resting spent in this place.
 E = Time spent auto-exploring this place.
 F = Levels seen in this place.
 G = Mean time per level.
                   A        B        C        D        E       F      G
               +--------+--------+--------+--------+--------+-----+--------+
         Total |   8310 |   8083 |    227 |   1398 |   5246 |   9 |  923.3 |
       Dungeon |   7900 |   7710 |    190 |   1398 |   4922 |   7 | 1128.6 |
        Temple |    312 |    275 |     37 |      0 |    261 |   1 |  312.0 |
         Sewer |     96 |     96 |      0 |      0 |     63 |   1 |   96.0 |
               +--------+--------+--------+--------+--------+-----+--------+

Top non-repeatable levels by time:
     D:5: 2146 daAuts
     D:6: 1482 daAuts
     D:4: 1260 daAuts
     D:3: 933 daAuts
     D:2: 839 daAuts
     D:1: 726 daAuts
     D:7: 512 daAuts
  Temple: 312 daAuts
   Sewer: 96 daAuts
